 Dungeon Crawl Stone Soup version 0.18.1-8-gdd0e5ea (webtiles) character file.

283 oplop the Sneak (level 6, -12/41 HPs)
             Began as a Vampire Enchanter on May 21, 2016.
             Mangled by an orc warrior
             ... wielding a +0 mace
              (16 damage)
             ... on level 3 of the Dungeon.
             The game lasted 00:04:35 (2564 turns).

oplop the Sneak (Vampire Enchanter)                 Turns: 2564, Time: 00:04:36

Health: -12/41     AC:  4    Str:  7    XL:     6   Next: 7%
Magic:  8/11       EV: 13    Int: 18    God:
Gold:   175        SH:  0    Dex: 16    Spells: 3 memorised, 6 levels left

rFire  . . .     SeeInvis +     a - +1 dagger
rCold  + + .     Gourm    .     b - +1 robe
rNeg   + + +     Faith    .     (no shield)
rPois  +         Spirit   .     (no helmet)
rElec  .         Dismiss  .     (no cloak)
rCorr  .         Reflect  .     x - +0 pair of gloves
SustAt .         Harm     .     (no boots)
MR     +....                    (no amulet)
Stlth  +++++.....               w - ring of protection from magic
                                e - ring of stealth

@: regenerating slowly, somewhat resistant to hostile enchantments, quite
stealthy
A: fangs 3, see invisible, unbreathing
a: Bat Form


You were on level 3 of the Dungeon.
You were near bloodless.

You visited 1 branch of the dungeon, and saw 4 of its levels.

You collected 175 gold pieces.

Inventory:

Hand Weapons
 a - a +1 dagger (weapon)
Missiles
 A - 2 throwing nets (quivered)
Armour
 b - a +1 robe (worn)
 x - a +0 pair of gloves (worn)
Jewellery
 e - a ring of stealth (left hand)
 h - an uncursed ring of resist corrosion
 w - a ring of protection from magic (right hand)
Wands
 q - a wand of confusion (21/48)
Scrolls
 f - 4 scrolls of identify {unknown}
 j - 2 scrolls of enchant armour {unknown}
 k - a scroll of recharging {unknown}
 l - 2 scrolls of teleportation {unknown}
 n - a scroll of enchant weapon {unknown}
 o - 2 scrolls of amnesia {unknown}
 p - a scroll of fear {unknown}
 r - a scroll of remove curse {unknown}
 u - a scroll of magic mapping {unknown}
 y - a scroll of noise {unknown}
Potions
 d - 9 potions of blood
 g - a potion of haste {unknown}
 i - 2 potions of degeneration {unknown}
 m - a potion of magic {unknown}
 s - 4 potions of heal wounds {unknown}
 t - a potion of agility {unknown}
 v - a potion of mutation {unknown}
 z - a potion of beneficial mutation {unknown}
 B - a potion of curing {unknown}
 C - a potion of resistance {unknown}
Books
 c - a book of Maledictions

   Spells                             Type                      Level
   a - Corona                         Hexes                        1
   b - Ensorcelled Hibernation        Hexes/Ice                    2
   c - Confuse                        Hexes                        3
   d - Tukima's Dance                 Hexes                        3
   e - Dazzling Spray                 Conjuration/Hexes            3


   Skills:
 - Level 1.1 Short Blades
 - Level 2.1 Dodging
 + Level 7.0 Stealth
 + Level 3.6 Spellcasting
 + Level 6.9 Hexes


You had 6 spell levels left.
You knew the following spells:

 Your Spells              Type           Power        Failure   Level  Hunger
a - Corona                Hex            ####...      1%          1    None
b - Ensorcelled Hibernat  Hex/Ice        ###...       8%          2    ##.....
c - Confuse               Hex            ####....     2%          3    ###....


Dungeon Overview and Level Annotations

Branches:
Dungeon (4/15)
 Temple: D:4-7

Altars:
Sif Muna


Innate Abilities, Weirdness & Mutations

You heal slowly.
You have razor-sharp teeth.
You have supernaturally acute eyesight.
You can survive without breathing.


Message History

The orc wizard gestures at you while chanting.
The puff of frost hits you! You resist.
You see here a dagger.
There is a stone staircase leading up here.
You climb upwards.
There is a stone staircase leading down here.
You climb downwards.
The orc warrior barely misses you.
There is a stone staircase leading up here.
The orc warrior hits you with a mace!
* * * LOW HITPOINT WARNING * * *
You climb upwards.
There is a stone staircase leading down here.
Casting: Ensorcelled Hibernation
Confirm with . or Enter, or press ? or * to list all spells.
Aiming: Confuse
Press: ? - help, Shift-Dir - straight line, f - orc warrior
Aim: an orc warrior, wielding a mace and wearing a plate armour (almost dead, chance to defeat MR: 57%)
The orc warrior resists with significant effort.
The orc warrior hits you with a mace!
You die...

###...#.......#####.#.......#.###
.............)# #.##......#.###
..............# #.##......#..##
....†.........# #.##......##.##
###...#.#####.#####.#.......##.##
#...#.................###......
#...##########....##### ####.##
#...# #.#### #.# ###...# #@#
########.# ......# #o#
###....†...# ###...### #.#
#.....###### #.......#
#.####.....# ..##.##.#
#..........# .....##.######
######.....# #............#
#.....# .....##.####.# #######
........# #.#


You could see an orc warrior.

Vanquished Creatures
  A scorpion (D:4)
  An orc wizard (D:3)
  An orc priest (D:4)
  Jessica (D:3)
  8 adders
  An ooze (D:1)
  An adder skeleton (D:3)
  3 worms
  A dart slug (D:3)
  5 orcs (D:3)
  11 bats
  2 giant cockroaches (D:3)
  8 goblins
  6 hobgoblins
  A quokka (D:3)
  3 giant newts
  6 kobolds
  4 rats
64 creatures vanquished.

Notes
Turn   | Place    | Note
--------------------------------------------------------------
     0 | D:1      | oplop the Vampire Enchanter began the quest for the Orb.
     0 | D:1      | Reached XP level 1. HP: 13/13 MP: 3/3
   217 | D:1      | Reached XP level 2. HP: 16/19 MP: 5/5
   250 | D:1      | Reached skill level 5 in Hexes
   288 | D:1      | Reached skill level 5 in Stealth
   649 | D:1      | Reached XP level 3. HP: 24/24 MP: 6/6
   653 | D:1      | Learned a level 2 spell: Ensorcelled Hibernation
   657 | D:1      | Learned a level 3 spell: Confuse
   916 | D:2      | Found a deep blue altar of Sif Muna.
  1712 | D:3      | Noticed Jessica
  1719 | D:3      | Killed Jessica
  1719 | D:3      | Reached XP level 4. HP: 30/30 MP: 2/8
  1982 | D:3      | Reached skill level 6 in Stealth
  2106 | D:3      | Reached XP level 5. HP: 30/35 MP: 6/9
  2485 | D:4      | Noticed an orc warrior
  2505 | D:4      | Reached skill level 7 in Stealth
  2505 | D:4      | Reached XP level 6. HP: 41/41 MP: 6/11
  2564 | D:3      | Mangled by an orc warrior

Skill      XL: |  1  2  3  4  5 |
---------------+----------------+-----
Hexes          | 5 6 |  6.9
Stealth        | 5 6 7 |  7.0
Spellcasting   | 3 |  3.6
Short Blades   | |  1.1
Dodging        | |  2.1

Action                   |  1- 3 |  4- 6 || total
-------------------------+-------+-------++-------
Melee: Dagger            |    84 |    72 ||   156
       Bite              |     3 |     6 ||     9
 Cast: Corona            |     5 |       ||     5
       Ensorcelled Hiber |     4 |    19 ||    23
       Confuse           |       |     1 ||     1
 Abil: End Transformatio |       |     1 ||     1
       Bat Form          |       |     1 ||     1
Evoke: Wand              |       |     1 ||     1
 Stab: Sleeping          |    24 |    17 ||    41
       Confused          |       |     1 ||     1
Armor: Robe              |    23 |    13 ||    36
Dodge: Dodged            |    41 |    51 ||    92
